[ AOE2 MATCH · #507284925 ]
UnrankedJapanese vs Italians
Player's team · WIN
Rival team · LOSS
[ REPLAY ANALYSIS · EXTRACTED FROM THE RECORDED GAME ]
Feudal
10:17
Castle
21:39
Imperial
—
| APM avg | 67.4 |
| APM peak | 95 |
| eAPM avg | 27.1 |
| Villagers / military | 58 / 41 |
Focus
⚔️ 19.1% · 🌾 80.9%
Knight ×22 · Fishing Ship ×19 · Militia ×11 · Archer ×6 · Battering Ram ×2
Feudal
8:08
Castle
26:42
Imperial
—
| APM avg | 31.2 |
| APM peak | 70 |
| eAPM avg | 17.7 |
| Villagers / military | 54 / 2 |
Focus
⚔️ 36.2% · 🌾 63.8%
Genoese Crossbowman ×2
Match map
Initial resources + every placement click. Lines = walls · curves = elevation contours. ◆ gold · ⬟ stone · ● berries · ✦ relic · ◌ wall gap
Your base· Open — unwalled flank
Rata Preñadora's base· Open — unwalled flank
Smoothed initial terrain · ◌ = detected wall gap · hover for details
Inputs per minute
— AiM | Mr. Nobody - - Rata Preñadora
Build order — AiM | Mr. Nobody
First 150 of 182 actions detected
| 0:00 | Queue | Villager (Male) |
| 0:01 | Queue | Villager (Male) |
| 0:01 | Queue | Villager (Male) |
| 0:01 | Queue | Villager (Male) |
| 0:02 | Build | House |
| 0:04 | Build | House |
| 1:13 | Queue | Villager (Male) |
| 1:44 | Queue | Villager (Male) |
| 1:48 | Build | Lumber Camp |
| 2:15 | Queue | Villager (Male) |
| 2:39 | Queue | Villager (Male) |
| 3:00 | Queue | Villager (Male) |
| 3:34 | Queue | Villager (Male) |
| 3:52 | Build | House |
| 4:03 | Queue | Villager (Male) |
| 4:04 | Queue | Villager (Male) |
| 4:28 | Queue | Villager (Male) |
| 5:09 | Queue | Villager (Male) |
| 5:09 | Queue | Villager (Male) |
| 5:15 | Build | House |
| 5:47 | Queue | Villager (Male) |
| 5:47 | Queue | Villager (Male) |
| 6:06 | Build | Dock |
| 6:55 | Queue | Fishing Ship |
| 6:56 | Queue | Fishing Ship |
| 6:56 | Queue | Fishing Ship |
| 7:08 | Queue | Villager (Male) |
| 7:29 | Research | Loom |
| 8:07 | Research | Feudal Age |
| 8:38 | Build | House |
| 8:49 | Build | Barracks |
| 9:01 | Build | Mining Camp |
| 9:10 | Build | Mill |
| 9:15 | Build | House |
| 9:17 | Build | House |
| 9:56 | Queue | Militia |
| 9:56 | Queue | Militia |
| 10:02 | Queue | Villager (Male) |
| 10:03 | Queue | Villager (Male) |
| 10:17 | Age | Feudal Age |
| 10:22 | Queue | Militia |
| 10:23 | Research | Man-at-Arms (upgrade) |
| 10:34 | Build | Lumber Camp |
| 10:35 | Queue | Villager (Male) |
| 10:42 | Research | Double-Bit Axe |
| 10:49 | Queue | Villager (Male) |
| 11:13 | Queue | Villager (Male) |
| 11:17 | Queue | Fishing Ship |
| 11:18 | Queue | Fishing Ship |
| 11:54 | Build | House |
| 11:56 | Build | House |
| 11:59 | Queue | Villager (Male) |
| 11:59 | Queue | Villager (Male) |
| 12:29 | Queue | Villager (Male) |
| 13:20 | Queue | Villager (Male) |
| 13:20 | Queue | Villager (Male) |
| 13:34 | Queue | Villager (Male) |
| 13:35 | Queue | Villager (Male) |
| 14:43 | Build | Dock |
| 14:46 | Queue | Fishing Ship |
| 14:46 | Queue | Fishing Ship |
| 14:46 | Queue | Fishing Ship |
| 14:53 | Build | Farm |
| 15:14 | Build | Farm |
| 15:15 | Queue | Villager (Male) |
| 15:41 | Queue | Fishing Ship |
| 15:41 | Queue | Fishing Ship |
| 15:47 | Build | Archery Range |
| 16:11 | Build | Farm |
| 16:12 | Queue | Villager (Male) |
| 16:29 | Queue | Fishing Ship |
| 16:34 | Queue | Fishing Ship |
| 16:37 | Build | House |
| 16:39 | Build | House |
| 16:40 | Queue | Archer |
| 16:40 | Queue | Archer |
| 16:40 | Queue | Archer |
| 16:50 | Build | House |
| 16:51 | Build | House |
| 17:17 | Queue | Militia |
| 17:17 | Queue | Militia |
| 17:35 | Build | Lumber Camp |
| 17:43 | Queue | Villager (Male) |
| 18:11 | Queue | Villager (Male) |
| 18:20 | Build | Market |
| 18:59 | Research | Castle Age |
| 18:59 | Research | Castle Age |
| 19:22 | Queue | Militia |
| 19:57 | Build | Farm |
| 20:03 | Queue | Militia |
| 20:32 | Queue | Archer |
| 20:33 | Queue | Archer |
| 20:33 | Queue | Archer |
| 20:38 | Research | Gold Mining |
| 21:39 | Age | Castle Age |
| 21:51 | Build | Blacksmith |
| 21:57 | Queue | Villager (Male) |
| 21:58 | Queue | Villager (Male) |
| 21:58 | Queue | Villager (Male) |
| 22:27 | Build | Stable |
| 22:29 | Build | Stable |
| 22:30 | Build | Stable |
| 22:46 | Queue | Villager (Male) |
| 23:07 | Build | Farm |
| 23:07 | Build | Farm |
| 23:07 | Build | Farm |
| 23:07 | Build | Farm |
| 23:08 | Build | Farm |
| 23:23 | Build | Siege Workshop |
| 23:26 | Queue | Villager (Male) |
| 23:27 | Queue | Villager (Male) |
| 23:31 | Research | Bow Saw |
| 23:34 | Queue | Fishing Ship |
| 23:34 | Queue | Fishing Ship |
| 23:34 | Queue | Fishing Ship |
| 23:45 | Build | House |
| 23:46 | Build | House |
| 23:46 | Build | House |
| 23:47 | Build | House |
| 23:47 | Build | House |
| 23:54 | Research | Bloodlines |
| 23:54 | Queue | Knight |
| 23:54 | Queue | Knight |
| 23:55 | Queue | Knight |
| 23:55 | Queue | Knight |
| 23:57 | Research | Scale Barding Armor |
| 24:00 | Queue | Battering Ram |
| 24:12 | Queue | Villager (Male) |
| 24:12 | Queue | Villager (Male) |
| 24:12 | Queue | Villager (Male) |
| 24:39 | Queue | Knight |
| 24:39 | Queue | Knight |
| 24:39 | Queue | Knight |
| 24:39 | Queue | Knight |
| 24:57 | Queue | Knight |
| 24:57 | Queue | Knight |
| 25:01 | Queue | Battering Ram |
| 25:07 | Queue | Militia |
| 25:07 | Queue | Militia |
| 25:40 | Queue | Militia |
| 25:41 | Queue | Militia |
| 26:15 | Queue | Villager (Male) |
| 26:16 | Queue | Villager (Male) |
| 26:16 | Queue | Villager (Male) |
| 26:20 | Build | Town Center |
| 26:48 | Queue | Knight |
| 26:48 | Queue | Knight |
| 26:49 | Queue | Knight |
| 26:49 | Queue | Knight |
| 26:49 | Queue | Knight |
Build order — Rata Preñadora
143 actions detected in the replay
| 0:01 | Queue | Villager (Male) |
| 0:01 | Queue | Villager (Male) |
| 0:02 | Build | House |
| 0:04 | Build | House |
| 0:09 | Queue | Villager (Male) |
| 0:09 | Queue | Villager (Male) |
| 0:09 | Queue | Villager (Male) |
| 1:33 | Queue | Villager (Male) |
| 1:33 | Queue | Villager (Male) |
| 1:58 | Queue | Villager (Male) |
| 1:58 | Queue | Villager (Male) |
| 1:59 | Queue | Villager (Male) |
| 2:11 | Queue | Villager (Male) |
| 2:12 | Queue | Villager (Male) |
| 2:37 | Queue | Villager (Male) |
| 2:37 | Queue | Villager (Male) |
| 2:56 | Build | Lumber Camp |
| 3:02 | Build | House |
| 3:02 | Build | House |
| 3:06 | Queue | Villager (Male) |
| 3:06 | Queue | Villager (Male) |
| 3:06 | Queue | Villager (Male) |
| 3:24 | Queue | Villager (Male) |
| 3:25 | Queue | Villager (Male) |
| 3:37 | Queue | Villager (Male) |
| 3:37 | Queue | Villager (Male) |
| 5:06 | Queue | Villager (Male) |
| 5:07 | Queue | Villager (Male) |
| 5:08 | Research | Loom |
| 5:17 | Build | Mill |
| 5:58 | Research | Feudal Age |
| 5:59 | Research | Feudal Age |
| 6:46 | Queue | Villager (Male) |
| 7:26 | Build | Mining Camp |
| 8:06 | Queue | Villager (Male) |
| 8:08 | Age | Feudal Age |
| 8:19 | Build | Palisade Wall |
| 8:22 | Queue | Villager (Male) |
| 8:37 | Build | Watch Tower |
| 8:40 | Build | Palisade Wall |
| 8:42 | Build | Palisade Wall |
| 8:47 | Queue | Villager (Male) |
| 8:51 | Build | Palisade Wall |
| 8:53 | Build | Palisade Wall |
| 8:56 | Build | Palisade Wall |
| 8:57 | Build | Palisade Wall |
| 9:17 | Build | Watch Tower |
| 9:34 | Build | Palisade Wall |
| 9:36 | Build | Palisade Wall |
| 9:42 | Build | Palisade Wall |
| 9:50 | Queue | Villager (Male) |
| 9:51 | Queue | Villager (Male) |
| 10:13 | Queue | Villager (Male) |
| 10:59 | Build | Palisade Wall |
| 11:00 | Build | Palisade Wall |
| 11:00 | Build | Palisade Wall |
| 11:03 | Queue | Villager (Male) |
| 11:10 | Build | House |
| 11:22 | Build | Watch Tower |
| 11:43 | Queue | Villager (Male) |
| 11:47 | Build | House |
| 12:20 | Queue | Villager (Male) |
| 12:25 | Build | Farm |
| 12:26 | Build | Farm |
| 12:27 | Build | Farm |
| 12:28 | Build | Farm |
| 12:36 | Build | Mill |
| 12:38 | Queue | Villager (Male) |
| 13:13 | Build | Palisade Wall |
| 13:14 | Build | Palisade Wall |
| 13:15 | Build | Palisade Wall |
| 13:48 | Build | Mining Camp |
| 13:50 | Queue | Villager (Male) |
| 14:05 | Queue | Villager (Male) |
| 14:28 | Build | Market |
| 14:32 | Build | Blacksmith |
| 14:37 | Queue | Villager (Male) |
| 14:37 | Queue | Villager (Male) |
| 14:48 | Build | Palisade Wall |
| 15:08 | Build | Watch Tower |
| 15:12 | Queue | Villager (Male) |
| 15:27 | Build | Farm |
| 15:28 | Build | Farm |
| 15:29 | Build | Farm |
| 15:31 | Queue | Villager (Male) |
| 15:39 | Research | Fletching |
| 15:53 | Build | Palisade Wall |
| 15:56 | Build | Palisade Wall |
| 16:12 | Build | Palisade Wall |
| 16:17 | Build | Palisade Wall |
| 16:20 | Build | Palisade Wall |
| 16:21 | Build | Palisade Wall |
| 16:24 | Build | Palisade Wall |
| 16:26 | Build | Palisade Wall |
| 16:27 | Queue | Villager (Male) |
| 16:27 | Queue | Villager (Male) |
| 16:36 | Queue | Villager (Male) |
| 16:56 | Build | Watch Tower |
| 17:20 | Build | Palisade Wall |
| 17:24 | Queue | Villager (Male) |
| 17:52 | Build | Watch Tower |
| 17:56 | Queue | Villager (Male) |
| 18:03 | Build | Palisade Wall |
| 18:04 | Build | Palisade Wall |
| 18:05 | Build | Palisade Wall |
| 18:31 | Build | Palisade Wall |
| 18:33 | Build | Palisade Wall |
| 18:35 | Build | Palisade Wall |
| 19:26 | Queue | Villager (Male) |
| 19:27 | Queue | Villager (Male) |
| 19:55 | Queue | Villager (Male) |
| 20:27 | Build | Watch Tower |
| 20:32 | Queue | Villager (Male) |
| 20:36 | Build | Farm |
| 20:37 | Build | Farm |
| 20:39 | Build | Farm |
| 20:40 | Build | Farm |
| 20:41 | Build | Farm |
| 20:44 | Queue | Villager (Male) |
| 21:54 | Build | Farm |
| 21:55 | Build | Farm |
| 22:16 | Queue | Villager (Male) |
| 22:49 | Build | Watch Tower |
| 23:18 | Build | Watch Tower |
| 23:25 | Build | Farm |
| 23:27 | Build | Farm |
| 24:02 | Research | Castle Age |
| 24:34 | Build | Palisade Wall |
| 24:46 | Research | Padded Archer Armor |
| 25:18 | Research | Double-Bit Axe |
| 25:42 | Build | Palisade Wall |
| 25:44 | Build | Palisade Wall |
| 25:46 | Build | Palisade Wall |
| 25:50 | Build | Palisade Wall |
| 25:52 | Build | Palisade Wall |
| 25:53 | Build | Palisade Wall |
| 26:42 | Age | Castle Age |
| 27:58 | Build | Castle |
| 28:24 | Queue | Villager (Male) |
| 28:24 | Queue | Villager (Male) |
| 28:50 | Queue | Villager (Male) |
| 29:41 | Queue | Genoese Crossbowman |
| 29:41 | Queue | Genoese Crossbowman |
Match timeline
| 6:06 | AiM | Mr. Nobody · first_building Dock |
| 8:08 | Rata Preñadora · age_up feudal |
| 8:19 | Rata Preñadora · wall_segment Palisade Wall x3 |
| 8:40 | Rata Preñadora · wall_segment Palisade Wall x1 |
| 8:42 | Rata Preñadora · wall_segment Palisade Wall x1 |
| 8:49 | AiM | Mr. Nobody · first_building Barracks |
| 8:51 | Rata Preñadora · wall_segment Palisade Wall x1 |
| 8:53 | Rata Preñadora · wall_segment Palisade Wall x1 |
| 8:56 | Rata Preñadora · wall_segment Palisade Wall x1 |
| 8:57 | Rata Preñadora · wall_segment Palisade Wall x1 |
| 9:34 | Rata Preñadora · wall_segment Palisade Wall x1 |
| 9:36 | Rata Preñadora · wall_segment Palisade Wall x1 |
| 9:42 | Rata Preñadora · wall_segment Palisade Wall x1 |
| 10:17 | AiM | Mr. Nobody · age_up feudal |
| 10:59 | Rata Preñadora · wall_segment Palisade Wall x1 |
| 11:00 | Rata Preñadora · wall_segment Palisade Wall x1 |
| 11:00 | Rata Preñadora · wall_segment Palisade Wall x1 |
| 13:13 | Rata Preñadora · wall_segment Palisade Wall x1 |
| 13:14 | Rata Preñadora · wall_segment Palisade Wall x1 |
| 13:15 | Rata Preñadora · wall_segment Palisade Wall x1 |
| 14:48 | Rata Preñadora · wall_segment Palisade Wall x1 |
| 15:47 | AiM | Mr. Nobody · first_building Archery Range |
| 15:53 | Rata Preñadora · wall_segment Palisade Wall x1 |
| 15:56 | Rata Preñadora · wall_segment Palisade Wall x1 |
| 16:12 | Rata Preñadora · wall_segment Palisade Wall x1 |
| 16:17 | Rata Preñadora · wall_segment Palisade Wall x1 |
| 16:20 | Rata Preñadora · wall_segment Palisade Wall x1 |
| 16:21 | Rata Preñadora · wall_segment Palisade Wall x1 |
| 16:24 | Rata Preñadora · wall_segment Palisade Wall x1 |
| 16:26 | Rata Preñadora · wall_segment Palisade Wall x1 |
| 17:20 | Rata Preñadora · wall_segment Palisade Wall x1 |
| 18:03 | Rata Preñadora · wall_segment Palisade Wall x1 |
| 18:04 | Rata Preñadora · wall_segment Palisade Wall x1 |
| 18:05 | Rata Preñadora · wall_segment Palisade Wall x1 |
| 18:31 | Rata Preñadora · wall_segment Palisade Wall x1 |
| 18:33 | Rata Preñadora · wall_segment Palisade Wall x1 |
| 18:35 | Rata Preñadora · wall_segment Palisade Wall x1 |
| 21:39 | AiM | Mr. Nobody · age_up castle |
| 21:52 | Rata Preñadora · first_market_sell 100 wood |
| 22:27 | AiM | Mr. Nobody · first_building Stable |
| 23:23 | AiM | Mr. Nobody · first_building Siege Workshop |
| 23:40 | Rata Preñadora · first_market_buy 100 food |
| 24:34 | Rata Preñadora · wall_segment Palisade Wall x1 |
| 25:42 | Rata Preñadora · wall_segment Palisade Wall x1 |
| 25:44 | Rata Preñadora · wall_segment Palisade Wall x1 |
| 25:46 | Rata Preñadora · wall_segment Palisade Wall x1 |
| 25:50 | Rata Preñadora · wall_segment Palisade Wall x1 |
| 25:52 | Rata Preñadora · wall_segment Palisade Wall x1 |
| 25:53 | Rata Preñadora · wall_segment Palisade Wall x1 |
| 26:42 | Rata Preñadora · age_up castle |
| 27:58 | Rata Preñadora · first_building Castle |
| 29:50 | Rata Preñadora · resign |
[ AI ANALYSIS · 1 CREDIT ]
What really happened in this match?
Wolo.gg analyzes every decision: build order, eco, micro, common mistakes by bracket. Personalized analysis on WhatsApp or Discord in 30 seconds.
Civ guide
Japanese
Perfil
Jugador #25339047